NCAA
PENN STATE NITTANY LIONS @ FLORIDA STATE SEMINOLES
05/14/2028
 
TOP OF THE 1ST
Penn State Nittany Lions batting - Pitching for Florida State Seminoles : RHP Stephen Copeland
Pitching: RHP Stephen Copeland
Batting: RHB José Rodríguez 0-0: Ball
1-0: Foul Ball, location: 2F
1-1: Swinging Strike
1-2: Ball
2-2: Strikes out swinging
Batting: LHB Jerry Koch 0-0: Called Strike
0-1: Ball
1-1: Ball
2-1: SINGLE (Groundball, 6D)
Batting: LHB Bill Green 0-0: Ball
1-0: Ground out 6-3 (Groundball, 6S)
Jerry Koch to second
Batting: LHB Ángel Santos 0-0: Called Strike
0-1: Ball
1-1: Swinging Strike
1-2: Ball
2-2: Foul Ball, location: 2F
2-2: Foul Ball, location: 2F
2-2: SINGLE (Groundball, 34D)
Jerry Koch to third
Runner from 3rd tries for Home, SAFE, no throw
Batting: SHB Francisco Madrigal 0-0: Ball
1-0: Ball
2-0: Called Strike
2-1: DOUBLE (Line Drive, 89M)
Ángel Santos to third
Batting: LHB Bryan Peña 0-0: Ball
1-0: Ball
2-0: Called Strike
2-1: Called Strike
2-2: Ball
3-2: Foul Ball, location: 2F
3-2: Strikes out swinging
Top of the 1st over - 1 run(s), 3 hit(s), 0 error(s), 2 left on base; Penn State 1 - Florida State 0
BOTTOM OF THE 1ST
Florida State Seminoles batting - Pitching for Penn State Nittany Lions : LHP Will Hurt
Pitching: LHP Will Hurt
Batting: RHB José Sosa 0-0: Called Strike
0-1: Ball
1-1: Ball
2-1: Foul Ball, location: 2F
2-2: Strikes out swinging
Batting: RHB Roberto Casas 0-0: Ball
1-0: SINGLE (Groundball, 56D)
Batting: RHB Rubén Hernández 0-0: Ball
1-0: Ball
2-0: Ground out 6-3 (Groundball, 56D)
Roberto Casas to second
Batting: RHB Quentin Underwood 0-0: Swinging Strike
0-1: Swinging Strike
0-2: Fly out, F9 (Line Drive, 9)
Bottom of the 1st over - 0 run(s), 1 hit(s), 0 error(s), 1 left on base; Penn State 1 - Florida State 0
TOP OF THE 2ND
Penn State Nittany Lions batting - Pitching for Florida State Seminoles : RHP Stephen Copeland
Batting: SHB Danny Parkins 0-0: Called Strike
0-1: Ball
1-1: Ground out 6-3 (Groundball, 56)
Batting: RHB Lane Wilcox 0-0: Reached via error on a dropped throw, E3
Batting: LHB Steve King Pickoff Throw to First - Out!
0-0: Ball
1-0: Ball
2-0: Ball
3-0: Base on Balls
Batting: RHB José Rodríguez 0-0: SINGLE (Groundball, 6D)
Steve King to second
Batting: LHB Jerry Koch 0-0: Ball
1-0: Ground out U3 (Groundball, 34)
Top of the 2nd over - 0 run(s), 1 hit(s), 1 error(s), 2 left on base; Penn State 1 - Florida State 0
BOTTOM OF THE 2ND
Florida State Seminoles batting - Pitching for Penn State Nittany Lions : LHP Will Hurt
Batting: LHB Paul Cotton 0-0: Called Strike
0-1: Ball
1-1: TRIPLE (Line Drive, 89M)
Batting: RHB Lorenzo Cintrón 0-0: 2-RUN HOME RUN (Flyball, 78XD), Distance : 386 ft
Batting: RHB Mark Willis 0-0: Ball
1-0: Called Strike
1-1: SOLO HOME RUN (Flyball, 7D), Distance : 364 ft
Batting: RHB Fred Burgess 0-0: Called Strike
0-1: Ball
1-1: Foul Ball, location: 2F
1-2: Strikes out swinging
Batting: LHB Jeff Stevens 0-0: Ball
1-0: Ground out 4-3 (Groundball, 34)
Batting: RHB José Sosa 0-0: Called Strike
0-1: Ball
1-1: Foul Ball, location: 2F
1-2: Ball
2-2: SINGLE (Line Drive, 4MD)
Batting: RHB Roberto Casas 0-0: Ball
1-0: Ball
2-0: Foul Ball, location: 2F
2-1: 2-RUN HOME RUN (Flyball, 78XD), Distance : 382 ft
Batting: RHB Rubén Hernández 0-0: Called Strike
0-1: Ball
1-1: Ground out 5-3 (Groundball, 2L)
Bottom of the 2nd over - 5 run(s), 5 hit(s), 0 error(s), 0 left on base; Penn State 1 - Florida State 5
TOP OF THE 3RD
Penn State Nittany Lions batting - Pitching for Florida State Seminoles : RHP Stephen Copeland
Batting: LHB Bill Green 0-0: Swinging Strike
0-1: DOUBLE (Groundball, 5L)
Batting: LHB Ángel Santos 0-0: Called Strike
0-1: Swinging Strike
0-2: SINGLE (Groundball, 6MD)
Bill Green to third
Runner from 3rd tries for Home, SAFE, throw made home
Ángel Santos to second
Batting: SHB Francisco Madrigal 0-0: Called Strike
0-1: Fly out, F7 (Flyball, 7)
Batting: LHB Bryan Peña 0-0: Foul Ball, location: 2F
0-1: Ball
1-1: Ball
2-1: Ball
3-1: Base on Balls
Batting: SHB Danny Parkins 0-0: Ball
1-0: Called Strike
1-1: Called Strike
1-2: Fly out, F5 (Line Drive, 5L)
Batting: RHB Lane Wilcox 0-0: Called Strike
0-1: Called Strike
0-2: Strikes out looking
Top of the 3rd over - 1 run(s), 2 hit(s), 0 error(s), 2 left on base; Penn State 2 - Florida State 5
BOTTOM OF THE 3RD
Florida State Seminoles batting - Pitching for Penn State Nittany Lions : LHP Will Hurt
Batting: RHB Quentin Underwood 0-0: Called Strike
0-1: Ball
1-1: Swinging Strike
1-2: Ball
2-2: Ground out 5-3 (Groundball, 5S)
Batting: LHB Paul Cotton 0-0: Ball
1-0: Ground out U3 (Groundball, 3L)
Batting: RHB Lorenzo Cintrón 0-0: Ball
1-0: TRIPLE (Flyball, 78XD)
Batting: RHB Mark Willis 0-0: Called Strike
0-1: Reached on error, E4 (Groundball, 4)
Lorenzo Cintrón scores
Batting: RHB Fred Burgess 0-0: Called Strike
0-1: Ball
1-1: Ball
2-1: Called Strike
2-2: Foul Ball, location: 2F
2-2: Ball
3-2: Fly out, F9 (Line Drive, 9)
Bottom of the 3rd over - 1 run(s), 1 hit(s), 1 error(s), 1 left on base; Penn State 2 - Florida State 6
TOP OF THE 4TH
Penn State Nittany Lions batting - Pitching for Florida State Seminoles : RHP Stephen Copeland
Batting: LHB Steve King 0-0: Called Strike
0-1: Foul Ball, location: 2F
0-2: Ball
1-2: Foul Ball, location: 2F
1-2: Foul Ball, location: 2F
1-2: Ball
2-2: Ball
3-2: Foul Ball, location: 2F
3-2: Foul Ball, location: 2F
3-2: Strikes out swinging
Batting: RHB José Rodríguez 0-0: Ball
1-0: Ball
2-0: Foul Ball, location: 2F
2-1: Ball
3-1: Foul Ball, location: 2F
3-2: Ground out 4-3 (Groundball, 4)
Batting: LHB Jerry Koch 0-0: Called Strike
0-1: Foul Ball, location: 2F
0-2: Fly out, F8 (Flyball, 8RS)
Top of the 4th over - 0 run(s), 0 hit(s), 0 error(s), 0 left on base; Penn State 2 - Florida State 6
BOTTOM OF THE 4TH
Florida State Seminoles batting - Pitching for Penn State Nittany Lions : LHP Will Hurt
Batting: LHB Jeff Stevens 0-0: Ball
1-0: Called Strike
1-1: Ball
2-1: Foul Ball, location: 2F
2-2: Foul Ball, location: 2F
2-2: Ball
3-2: Foul Ball, location: 2F
3-2: Base on Balls
Batting: RHB José Sosa 0-0: SINGLE (Groundball, 56D)
Jeff Stevens to second
Batting: RHB Roberto Casas 0-0: Ball
1-0: Ball
2-0: Ball
3-0: Base on Balls
Jeff Stevens to third
José Sosa to second
Batting: RHB Rubén Hernández 0-0: Ball
1-0: Swinging Strike
1-1: Reached on error, E5 (Groundball, 5S)
Jeff Stevens scores
José Sosa scores
Roberto Casas to third
Pitching: RHP Gary Yarn
Batting: RHB Quentin Underwood 0-0: Called Strike
0-1: Fly out, F8 (Flyball, 8RM)
Runner from 3rd tags up, SCORES, no throw
Batting: LHB Paul Cotton 0-0: Called Strike
0-1: Foul Ball, location: 2F
0-2: Fly out, F8 (Line Drive, 8RM)
Batting: RHB Lorenzo Cintrón 0-0: Foul Ball, location: 2F
0-1: Foul Ball, location: 2F
0-2: Ball
1-2: DOUBLE (Flyball, 78M)
Rubén Hernández scores
Batting: RHB Mark Willis 0-0: Ball
1-0: Ball
2-0: Foul Ball, location: 2F
2-1: Ball
3-1: Called Strike
3-2: Strikes out swinging, 2-3 out at first.
Bottom of the 4th over - 4 run(s), 2 hit(s), 1 error(s), 1 left on base; Penn State 2 - Florida State 10
TOP OF THE 5TH
Penn State Nittany Lions batting - Pitching for Florida State Seminoles : RHP Stephen Copeland
Batting: LHB Bill Green 0-0: Called Strike
0-1: Called Strike
0-2: Ball
1-2: Strikes out swinging
Pitching: RHP Greg Thornton
Batting: LHB Ángel Santos 0-0: Ball
1-0: Ball
2-0: Called Strike
2-1: Ball
3-1: Called Strike
3-2: Fly out, F7 (Flyball, 7)
Batting: SHB Francisco Madrigal 0-0: Ball
1-0: Called Strike
1-1: Ball
2-1: Ball
3-1: Called Strike
3-2: Base on Balls
Batting: LHB Bryan Peña 0-0: Ball
1-0: Called Strike
1-1: Ball
2-1: Ball
3-1: SINGLE (Groundball, 34D)
Francisco Madrigal to second
Runner from 2nd tries for 3rd, SAFE, no throw
Batting: SHB Danny Parkins 0-0: Ball
1-0: Ball
2-0: Ball
3-0: Base on Balls
Bryan Peña to second
Batting: RHB Lane Wilcox 0-0: Called Strike
0-1: Ball
1-1: Reached on error, E4 (Groundball, 4)
Francisco Madrigal scores
Bryan Peña to third
Danny Parkins to second
Batting: LHB Steve King 0-0: Ball
1-0: Ball
2-0: Fly out, F8 (Flyball, 8LD)
Top of the 5th over - 1 run(s), 1 hit(s), 1 error(s), 3 left on base; Penn State 3 - Florida State 10
BOTTOM OF THE 5TH
Florida State Seminoles batting - Pitching for Penn State Nittany Lions : RHP Gary Yarn
Batting: RHB Fred Burgess 0-0: Called Strike
0-1: Ball
1-1: Called Strike
1-2: Ball
2-2: Ball
3-2: Foul Ball, location: 2F
3-2: Foul Ball, location: 2F
3-2: Strikes out looking
Batting: LHB Jeff Stevens 0-0: Ball
1-0: Reached via error on a dropped throw, E1
Batting: RHB José Sosa 0-0: Ball
1-0: Foul Ball, location: 2F
1-1: Ball
2-1: Swinging Strike
2-2: Strikes out swinging
Batting: RHB Roberto Casas 0-0: Called Strike
0-1: Ball
1-1: Foul Ball, location: 2F
1-2: SINGLE (Groundball, 6D)
Jeff Stevens to second
Batting: RHB Rubén Hernández 0-0: Called Strike
0-1: Fly out, F8 (Flyball, 8RM)
Bottom of the 5th over - 0 run(s), 1 hit(s), 1 error(s), 2 left on base; Penn State 3 - Florida State 10
TOP OF THE 6TH
Penn State Nittany Lions batting - Pitching for Florida State Seminoles : RHP Greg Thornton
Batting: RHB José Rodríguez 0-0: Swinging Strike
0-1: Called Strike
0-2: SOLO HOME RUN (Flyball, 9LD), Distance : 318 ft
Batting: LHB Jerry Koch 0-0: Fly out, F7 (Line Drive, 7)
Batting: LHB Bill Green 0-0: Swinging Strike
0-1: Ball
1-1: Swinging Strike
1-2: Strikes out swinging
Batting: LHB Ángel Santos 0-0: Called Strike
0-1: Ground out 1-3 (Groundball, 15S)
Top of the 6th over - 1 run(s), 1 hit(s), 0 error(s), 0 left on base; Penn State 4 - Florida State 10
BOTTOM OF THE 6TH
Florida State Seminoles batting - Pitching for Penn State Nittany Lions : RHP Gary Yarn
Batting: RHB Quentin Underwood 0-0: Foul Ball, location: 2F
0-1: Ball
1-1: Called Strike
1-2: Strikes out swinging
Batting: LHB Paul Cotton 0-0: Called Strike
0-1: SINGLE (Line Drive, 8RS)
Batting: RHB Lorenzo Cintrón 0-0: Fielders Choice at 2nd, 6-4 (Groundball, 6)
Batting: RHB Mark Willis 0-0: Foul Ball, location: 2F
0-1: Ball
1-1: Swinging Strike
1-2: Ball
2-2: Strikes out swinging
Bottom of the 6th over - 0 run(s), 1 hit(s), 0 error(s), 1 left on base; Penn State 4 - Florida State 10
TOP OF THE 7TH
Penn State Nittany Lions batting - Pitching for Florida State Seminoles : RHP Greg Thornton
Batting: SHB Francisco Madrigal 0-0: Called Strike
0-1: Ball
1-1: SINGLE (Line Drive, 34D)
Batting: LHB Bryan Peña 0-0: Fielders Choice at 2nd, 4-6 (Groundball, 4)
Batting: SHB Danny Parkins 0-0: Foul Ball, location: 2F
0-1: SINGLE (Line Drive, 6M)
Bryan Peña to second
Batting: RHB Lane Wilcox 0-0: Foul Ball, location: 2F
0-1: Foul Ball, location: 2F
0-2: Foul Ball, location: 2F
0-2: SINGLE (Line Drive, 4M)
Bryan Peña to third
Danny Parkins to second
Batting: LHB Steve King 0-0: Ball
1-0: Ball
2-0: Ball
3-0: Called Strike
3-1: Base on Balls
Bryan Peña scores
Danny Parkins to third
Lane Wilcox to second
Pitching: RHP Erik Hale
Batting: RHB José Rodríguez 0-0: Called Strike
0-1: Ball
1-1: Called Strike
1-2: Ball
2-2: SINGLE (Groundball, 34D)
Danny Parkins scores
Lane Wilcox to third
Steve King to second
Runner from 3rd tries for Home, SAFE, no throw
Pitching: LHP Bill Klug
Batting: LHB Jerry Koch 0-0: Ball
1-0: Called Strike
1-1: Foul Ball, location: 2F
1-2: Ball
2-2: Foul Ball, location: 2F
2-2: Foul Ball, location: 2F
2-2: Foul Ball, location: 2F
2-2: Foul Ball, location: 2F
2-2: Foul Ball, location: 2F
2-2: Ball
3-2: Foul Ball, location: 2F
3-2: Base on Balls
Steve King to third
José Rodríguez to second
Batting: LHB Bill Green 0-0: Called Strike
0-1: Swinging Strike
0-2: Ball
1-2: Fly out, F6 (Popup, 56)
Pitching: LHP Mel Hart
Batting: LHB Ángel Santos 0-0: Ball
1-0: Ball
2-0: SINGLE (Groundball, 6MD)
Steve King scores
José Rodríguez to third
Jerry Koch to second
Runner from 3rd tries for Home, SAFE, no throw
Batting: SHB Francisco Madrigal 0-0: Ground out 6-3 (Groundball, 6S)
Top of the 7th over - 5 run(s), 5 hit(s), 0 error(s), 2 left on base; Penn State 9 - Florida State 10
BOTTOM OF THE 7TH
Florida State Seminoles batting - Pitching for Penn State Nittany Lions : RHP Gary Yarn
Batting: RHB Fred Burgess 0-0: Ball
1-0: Ball
2-0: Called Strike
2-1: Ground out 5-3 (Groundball, 5)
Batting: LHB Jeff Stevens 0-0: Swinging Strike
0-1: SINGLE (Groundball, 56D)
Batting: RHB José Sosa 0-0: Ball
Jeff Stevens is caught stealing 2nd base
1-0: Foul Ball, location: 2F
1-1: Ball
2-1: Foul Ball, location: 2F
2-2: Foul Ball, location: 2F
2-2: Foul Ball, location: 2F
2-2: Fly out, F9 (Flyball, 9S)
Bottom of the 7th over - 0 run(s), 1 hit(s), 0 error(s), 0 left on base; Penn State 9 - Florida State 10
TOP OF THE 8TH
Penn State Nittany Lions batting - Pitching for Florida State Seminoles : LHP Mel Hart
Batting: LHB Bryan Peña 0-0: Ball
1-0: Fly out, F9 (Flyball, 9S)
Pitching: RHP Michael Jeffries
Batting: SHB Danny Parkins 0-0: Called Strike
0-1: Foul Ball, location: 2F
0-2: Foul Ball, location: 2F
0-2: Foul Ball, location: 2F
0-2: Ball
1-2: Ball
2-2: Strikes out looking
Batting: RHB Lane Wilcox 0-0: Ball
1-0: Foul Ball, location: 2F
1-1: Ball
2-1: Foul Ball, location: 2F
2-2: Foul Ball, location: 2F
2-2: Ball
3-2: Base on Balls
Pitching: LHP Gerald McAy
Pinch Hitting: RHB Jack Shaw 0-0: Ball
1-0: Ball
2-0: Ball
3-0: Called Strike
3-1: Foul Ball, location: 2F
3-2: Base on Balls
Lane Wilcox to second
Pitching: RHP A.C. Kinney
Batting: RHB José Rodríguez 0-0: Called Strike
0-1: Ball
1-1: Swinging Strike
1-2: Foul Ball, location: 2F
1-2: Foul Ball, location: 2F
1-2: Ball
2-2: Foul Ball, location: 2F
2-2: Ball
3-2: Base on Balls
Lane Wilcox to third
Jack Shaw to second
Pitching: LHP Rick Wolf
Batting: LHB Jerry Koch 0-0: Foul Ball, location: 2F
0-1: Ground out 6-3 (Groundball, 6S)
Top of the 8th over - 0 run(s), 0 hit(s), 0 error(s), 3 left on base; Penn State 9 - Florida State 10
BOTTOM OF THE 8TH
Florida State Seminoles batting - Pitching for Penn State Nittany Lions : RHP Gary Yarn
Pitching: RHP Brian Boswell
Now at 2B: Jack Shaw
Batting: RHB Roberto Casas 0-0: Ball
1-0: Ball
2-0: Foul Ball, location: 2F
2-1: Ball
3-1: Base on Balls
Batting: RHB Rubén Hernández 0-0: Ball
1-0: Grounds into double play, 6-4-3 (Groundball, 6)
Batting: RHB Quentin Underwood 0-0: Ground out 6-3 (Groundball, 56)
Bottom of the 8th over - 0 run(s), 0 hit(s), 0 error(s), 0 left on base; Penn State 9 - Florida State 10
TOP OF THE 9TH
Penn State Nittany Lions batting - Pitching for Florida State Seminoles : LHP Rick Wolf
Pitching: RHP Mike Sherman
Now at C: Tristan Dean
Batting: LHB Bill Green 0-0: Ball
1-0: Ball
2-0: Ground out U3 (Groundball, 34)
Batting: LHB Ángel Santos 0-0: Called Strike
0-1: Foul Ball, location: 2F
0-2: Ball
1-2: Ball
2-2: Foul Ball, location: 2F
2-2: Foul Ball, location: 2F
2-2: Foul Ball, location: 2F
2-2: Fly out, F8 (Flyball, 8RM)
Batting: SHB Francisco Madrigal 0-0: Ball
1-0: Foul Ball, location: 2F
1-1: Swinging Strike
1-2: Ball
2-2: Ball
3-2: Strikes out swinging
Top of the 9th over - 0 run(s), 0 hit(s), 0 error(s), 0 left on base; Penn State 9 - Florida State 10
Tuesday, August 8th, 2017 - OOTP Baseball 17.12 Build 75